 Dungeon Crawl Stone Soup version 0.27-a0-416-gca2cecf3c0 (webtiles) character file.

Game seed: 15625531823132482035

4 Chiseanne the Grave Robber (level 1, 0/13 HPs)
             Began as a Demonspawn Wanderer on Feb 25, 2021.
             Slain by a frilled lizard (3 damage)
             ... on level 1 of the Dungeon.
             The game lasted 00:00:16 (371 turns).

Chiseanne the Grave Robber (Demonspawn Wanderer)     Turns: 371, Time: 00:00:17

Health: 0/13       AC:  2    Str: 10    XL:     1   Next: 58%
Magic:  3/3        EV: 11    Int: 14    God:
Gold:   0          SH:  0    Dex: 13    Spells: 4/4 levels left

rFire    . . .     SeeInvis .   a - +0 dagger
rCold    . . .     Faith    .   (no shield)
rNeg     . . .     Spirit   .   d - +0 robe
rPois    .         Reflect  .   (no helmet)
rElec    .         Harm     .   (no cloak)
rCorr    .         Rampage  .   (no gloves)
Will     .....                  (no boots)
Stlth    ++........             (no amulet)
HPRegen  0.04/turn              (no ring)
MPRegen  0.08/turn              (no ring)

@: no status effects
A: no striking features
a: no special abilities


You were on level 1 of the Dungeon.
You visited 1 branch of the dungeon, and saw 1 of its levels.

Inventory:

Hand Weapons
 a - a +0 dagger (weapon)
Missiles
 b - 17 bolts
Armour
 d - a +0 robe (worn)
Potions
 c - a potion of lignification {unknown}


   Skills:
 + Level 1.1 Stealth
 + Level 2.0 Spellcasting
 + Level 3.0 Hexes
 + Level 3.3 Necromancy
 + Level 1.1 Evocations


You had 4 spell levels left.
You didn't know any spells.
Your spell library contained the following spells:

 Spells                   Type           Power        Failure   Level
 Corona                   Hex            11%          7%          1
 Sublimation of Blood     Necr           5%           9%          2
 Corpse Rot               Necr/Air       N/A          19%         2
 Ensorcelled Hibernation  Hex/Ice        10%          19%         2
 Confusing Touch          Hex            10%          21%         3
 Tukima's Dance           Hex            10%          21%         3
 Sting                    Tmut/Pois      4%           24%         1
 Dazzling Flash           Conj/Hex       10%          36%         3
 Mephitic Cloud           Conj/Pois/Air  1%           56%         3


Dungeon Overview and Level Annotations

Branches:
Dungeon (1/15)

Altars:


Message History

The frilled lizard barely misses you. The frilled lizard closely misses you.
The kobold barely misses you.
A goblin comes into view.
The giant cockroach bites you but does no damage.
You closely miss the kobold.
The kobold is moderately wounded.
The frilled lizard closely misses you. The frilled lizard bites you.
The giant cockroach bites you but does no damage.
The kobold misses you.
You are too injured to fight recklessly!
You are too injured to fight recklessly!
You are too injured to fight recklessly!
You are too injured to fight recklessly!
You are too injured to fight recklessly!
You are too injured to fight recklessly!
You are too injured to fight recklessly!
You are too injured to fight recklessly!
You are too injured to fight recklessly!
You are too injured to fight recklessly!
You are too injured to fight recklessly!
You are too injured to fight recklessly!
You are too injured to fight recklessly!
You are too injured to fight recklessly!
You are too injured to fight recklessly!
You are too injured to fight recklessly!
You are too injured to fight recklessly!
You are too injured to fight recklessly!
You are too injured to fight recklessly!
You are too injured to fight recklessly!
You are too injured to fight recklessly!
You are too injured to fight recklessly!
You are too injured to fight recklessly!
You are too injured to fight recklessly!
You are too injured to fight recklessly!
You are too injured to fight recklessly!
You are too injured to fight recklessly!
The frilled lizard bites you.
* * * LOW HITPOINT WARNING * * *
The frilled lizard bites you.
You die...

#.##.. ≈g≈≈≈≈. $.....
≈≈≈≈≈≈. .......##
.≈≈≈≈.. .........
..$.... .........
.#.....
....#...##†l.....
.....).(.b†l..... =..
#.....lK.w.....
...##....@lB.......
.....#.......##...
#.#.#...##.......
#.......#........ ..
###.#.....#......
#..###......###.....
#..................
#####.#################
########.# #...≈≈≈≈...#
♣♣


You could see a dart slug, a giant cockroach, a bat, a kobold and 4 frilled
lizards.

Vanquished Creatures
  A giant cockroach (D:1)
  A hobgoblin (D:1)
  3 frilled lizards (D:1)
5 creatures vanquished.

Notes
Turn   | Place    | Note
-------+----------+-------------------------------------------
     0 | D:1      | Chiseanne the Demonspawn Wanderer began the quest for the
                  | Orb.
     0 | D:1      | Chiseanne set off with the following items: a +0 dagger, a
                  | +0 robe; and the following spells available to memorise:
                  | Corona, Sublimation of Blood, Corpse Rot, Ensorcelled
                  | Hibernation, Confusing Touch, Tukima's Dance, Sting,
                  | Dazzling Flash, Mephitic Cloud
     0 | D:1      | Reached XP level 1. HP: 13/13 MP: 3/3
   371 | D:1      | Slain by a frilled lizard

Illustrated notes

Levels and vault maps discovered:
D:1:      scummos_arrival_gate, layout_rooms, minmay_lizard_pond

Action                   || total
-------------------------++-------
Melee: Dagger            ||    28
 Stab: Sleeping          ||     1
Armor: Robe              ||     7
Dodge: Dodged            ||    24

Table legend: (Time is in decaauts)
 A = Elapsed time spent in this place.
 B = Non-inter-level travel time spent in this place.
 C = Inter-level travel time spent in this place.
 D = Time resting spent in this place.
 E = Time spent auto-exploring this place.
 F = Levels seen in this place.
 G = Mean time per level.
                   A        B        C        D        E       F      G
               +--------+--------+--------+--------+--------+-----+--------+
         Total |    371 |    371 |      0 |    240 |     79 |   1 |  371.0 |
       Dungeon |    371 |    371 |      0 |    240 |     79 |   1 |  371.0 |
               +--------+--------+--------+--------+--------+-----+--------+

Top non-repeatable levels by time:
     D:1: 371 daAuts
